 Dungeon Crawl Stone Soup version bcrawl-1.13.2 (webtiles) character file.

Game seed: 17582020349243565607

165 Chiseanne the Cudgeler (level 5, -1/39 HPs)
             Began as a Demonspawn Archaeologist on Aug 10, 2019.
             Slain by a quokka (3 damage)
             ... on level 2 of the Dungeon.
             The game lasted 00:06:20 (3585 turns).

Chiseanne the Cudgeler (Demonspawn Archaeologist)   Turns: 3585, Time: 00:06:20

Health: -1/39      AC:  9    Str: 11    XL:     5   Next: 22%
Magic:  0/5        EV: 10    Int: 15    God:
Gold:   341        SH:  5    Dex: 13    Spells: 4/4 levels left

rFire    . . .     SeeInvis .   i - +0 hand axe
rCold    . . .     Gourm    .   j - +1 buckler {reflect}
rNeg     . . .     Faith    .   o - +0 ring mail
rPois    .         Spirit   +   p - +0 helmet
rElec    .         Reflect  +   (no cloak)
rCorr    .         Harm     .   n - +0 pair of gloves
MR       .....                  d - +1 pair of boots
Stlth    ++........             (no amulet)
HPRegen  0.13/turn              (no ring)
MPRegen  0.18/turn              (no ring)

@: studying Maces & Flails
A: magic shield, magic regeneration
a: no special abilities


You were on level 2 of the Dungeon.
You were not hungry.

You visited 1 branch of the dungeon, and saw 3 of its levels.

You collected 341 gold pieces.

Inventory:

Hand Weapons
 i - a +0 hand axe (weapon)
Missiles
 h - 241 stones (quivered)
 l - 431 poisoned needles
 m - 168 sling bullets
Armour
 d - a +1 pair of boots (worn)
 j - a +1 buckler of reflection (worn)
 n - a +0 pair of gloves (worn)
 o - a +0 ring mail (worn)
 p - a +0 helmet (worn)
Jewellery
 u - a +4 ring of evasion {unknown}
Scrolls
 b - a scroll of fog
 k - 2 scrolls of remove curse
 q - a scroll of identify
 t - a scroll of magic mapping
Potions
 r - 2 potions of lignification
Books
 e - a manual of Maces & Flails
Miscellaneous
 f - an ancient crate
Comestibles
 g - 8 rations {!d}


   Skills:
 - Level 2.6 Fighting
 + Level 5.4 Maces & Flails
 - Level 2.6 Dodging
 - Level 3.0 Stealth
 - Level 1.0 Shields


You had 4 spell levels left.
You didn't know any spells.
Your spell library was empty.

Dungeon Overview and Level Annotations

Branches:
Dungeon (3/12)

Altars:
Dithmenos
Beogh


Innate Abilities, Weirdness & Mutations

When hurt, damage is shared between your health and your magic reserves.
You regenerate magic rapidly.


Message History

You hit the orc priest but do no damage.
The orc priest is almost dead.
You hit the orc but do no damage. You barely miss the quokka.
You block the quokka's attack. The orc barely misses you.
The quokka barely misses you.
The orc priest mumbles some strange prayers to Beogh against you.
Beogh smites you!
* * * LOW HITPOINT WARNING * * *
You hit the orc priest.
You kill the orc priest!
Your Maces & Flails skill increases to level 5!
Your shield prevents you from hitting the orc.
You miss the quokka. The quokka closely misses you. The orc barely misses you.
The quokka misses you. The orc closely misses you.
Things that are here:
a +0 mace; a +0 ring mail You hit the quokka.
The quokka is almost dead.
The quokka bites you.
You die...

###.......### #.#
###.....## #.#
#.##...### #.#
#.######.########)#
#.# #..........# #.#
#########..# #.#
#.)# #.# ##>.# ##.##
#@ro# #...## #.#.#
.....## #...#
......############.#
...................#
......############.#
.....## #.#
#...##############.#
####...............#


You could see an orc and a quokka.

Vanquished Creatures
  2 orc priests
  3 gnolls (D:2)
  An adder (D:2)
  An ooze (D:2)
  2 worms (D:2)
  A dart slug (D:1)
  A leopard gecko (D:1)
  4 orcs (D:2)
  4 giant cockroaches
  7 goblins
  8 hobgoblins
  4 jackals
  A quokka (D:2)
  2 bats
  3 frilled lizards
  5 kobolds
  7 rats
56 creatures vanquished.

Notes
Turn   | Place    | Note
-------+----------+-------------------------------------------
     0 | D:1      | Chiseanne the Demonspawn Archaeologist began the quest for
                  | the Orb.
     0 | D:1      | Reached XP level 1. HP: 15/15 MP: 1/1
   394 | D:1      | Gained mutation: When hurt, damage is shared between your
                  | health and your magic reserves. [demonic ancestry]
   394 | D:1      | Reached XP level 2. HP: 22/22 MP: 2/2
  1258 | D:1      | Reached skill level 1 in Shields
  1313 | D:1      | Reached XP level 3. HP: 26/28 MP: 3/3
  1510 | D:2      | Reached skill level 1 in Maces & Flails
  1580 | D:2      | Reached skill level 2 in Maces & Flails
  2289 | D:2      | Reached skill level 3 in Maces & Flails
  2299 | D:2      | Reached XP level 4. HP: 13/34 MP: 2/4
  2500 | D:2      | Found a shadowy altar of Dithmenos.
  2766 | D:3      | Found a roughly hewn altar of Beogh.
  2787 | D:2      | Reached skill level 4 in Maces & Flails
  3578 | D:2      | Gained mutation: You regenerate magic rapidly. [demonic
                  | ancestry]
  3578 | D:2      | Reached XP level 5. HP: 10/39 MP: 0/5
  3583 | D:2      | Reached skill level 5 in Maces & Flails
  3585 | D:2      | Slain by a quokka

Skill      XL: |  1  2  3  4  5 |
---------------+----------------+-----
Fighting       | 2 |  2.6
Shields        | 1 |  1.0
Maces & Flails | 3 4 5 |  5.4
Dodging        | |  2.6
Stealth        | |  3.0

Action                   |  1- 3 |  4- 6 || total
-------------------------+-------+-------++-------
Melee: Whip              |    95 |       ||    95
       Hand axe          |    96 |    97 ||   193
  Use: Scroll            |     5 |     4 ||     9
       Potion            |     2 |     4 ||     6
 Stab: Sleeping          |     5 |     1 ||     6
       Distracted        |     1 |       ||     1
  Eat: Chunk             |     4 |     5 ||     9
Armor: Robe              |    31 |       ||    31
       Ring mail         |    29 |    59 ||    88
       Skin              |     1 |       ||     1
Dodge: Dodged            |   117 |    90 ||   207
Block: Buckler           |    31 |    31 ||    62
       Reflection        |     1 |     2 ||     3
